 Dungeon Crawl Stone Soup version 0.22-a0-429-g97ce8ef (webtiles) character file.

29 Gorglomux the Ducker (level 3, -18/20 HPs)
             Began as a Spriggan Berserker on May 25, 2018.
             Demolished by a polar bear (19 damage)
             ... created by the rage of Trog
             ... on level 2 of the Dungeon.
             The game lasted 00:01:44 (1544 turns).

Gorglomux the Ducker (Spriggan Berserker)           Turns: 1544, Time: 00:01:45

Health: -18/20     AC:  2    Str: 14    XL:     3   Next: 1%
Magic:  4/4        EV: 19    Int:  8    God:
Gold:   80         SH:  0    Dex: 15    Spells: 2/2 levels left

rFire    . . .     SeeInvis +   a - +0 short sword
rCold    . . .     Gourm    .   (shield restricted)
rNeg     . . .     Faith    .   b - +0 animal skin
rPois    .         Spirit   .   (helmet restricted)
rElec    .         Reflect  .   (no cloak)
rCorr    .         Harm     .   (gloves unavailable)
MR       .....                  (boots unavailable)
Stlth    +.........             (no amulet)
HPRegen  0.06/turn              l - ring of wizardry
MPRegen  0.09/turn              (no ring)

@: very quick
A: very small, unfitting armour, see invisible, herbivore, speed 3, slow
metabolism 2
a: no special abilities


You were on level 2 of the Dungeon.
You were not hungry.

You visited 1 branch of the dungeon, and saw 3 of its levels.

You collected 80 gold pieces.

Inventory:

Hand Weapons
 a - a +0 short sword (weapon)
Armour
 b - a +0 animal skin (worn)
Jewellery
 l - a ring of wizardry (left hand)
Scrolls
 d - 4 scrolls of identify {unknown}
 e - a scroll of immolation {unknown}
 f - 3 scrolls of teleportation {unknown}
 h - 2 scrolls of remove curse {unknown}
 j - 2 scrolls of blinking {unknown}
 o - a scroll of random uselessness {unknown}
Potions
 g - a potion of degeneration {unknown}
 i - 2 potions of might {unknown}
 k - a potion of agility {unknown}
 m - a potion of curing {unknown}
 n - 2 potions of haste {unknown}
Comestibles
 c - 3 rations


   Skills:
 + Level 3.4 Fighting
 - Level 3.2 Short Blades
 - Level 4.4 Dodging


You had 2 spell levels left.
You didn't know any spells.
Your spell library was empty.

Dungeon Overview and Level Annotations

Branches:
Dungeon (3/15)

Altars:


Innate Abilities, Weirdness & Mutations

You are very small and have problems with some larger weapons.
You are too small for most types of armour.
You have supernaturally acute eyesight. (SInv)
You are a herbivore.
You cover ground extremely quickly.
You need to consume almost no food.


Message History

You closely miss the leopard gecko!
The leopard gecko bites you but does no damage!
Trog sends monsters to punish you! 2 polar bears and a black bear come into view!
Unknown command!
A worm comes into view!
The polar butt rages!
The black bear rages!
You see here a robe!
The polar bear rages!
The polar bear rages!
You open the door! The polar bear completely misses you!
The polar bear claws you! * * * don't die
* * * The polar butt barely misses you!
The butt bear barely misses you! The polar bear misses you!
The polar bear claws you! * * * don't die
* * * The black bear rages!
The polar bear bites you!!!!!!
DANG rip

#.##......<# #.#
#........####.#
#####+#........#....#
#........#.........##
#......[...........#
#..w.l..####.......#
#.......# #....#+##
#...hhh.# #.#+##
#....@.## #.#
##+##'## #.# #.# .#
#.# #.# #.. +.. ..#


You could see 2 polar bears, a black bear (berserk), a worm and a leopard gecko.

Vanquished Creatures
  2 dart slugs (D:1)
  A giant cockroach (D:2)
  3 hobgoblins (D:1)
  6 jackals
  4 bats
  2 frilled lizards (D:1)
  3 kobolds (D:1)
  3 rats
24 creatures vanquished.

Notes
Turn   | Place    | Note
-------+----------+-------------------------------------------
     0 | D:1      | Gorglomux the Spriggan Berserker began the quest for the Orb.
     0 | D:1      | Reached XP level 1. HP: 11/11 MP: 2/2
     0 | D:1      | Fell from the grace of Trog
   230 | D:1      | Reached skill level 3 in Fighting
   230 | D:1      | Reached XP level 2. HP: 8/16 MP: 3/3
  1495 | D:2      | Reached XP level 3. HP: 6/20 MP: 4/4
  1534 | D:2      | Noticed a polar bear
  1534 | D:2      | Noticed a polar bear
  1534 | D:2      | Noticed a black bear
  1544 | D:2      | HP: 1/20 [polar bear[the rage of Trog] (1)]
  1544 | D:2      | Demolished by a polar bear

Vault maps used:
D:1:      lightli_arrival_isolated_outpost
D:2:      lemuel_upstairs_altar, first_ration,
          nicolae_ru_great_annihilating_truth
D:3:      chequers_ecumenical_altar_simple_redux

Skill      XL: |  1 |
---------------+----+-----
Fighting       | 3 |  3.4
Short Blades   | |  3.2
Dodging        | |  4.4

Action                   || total
-------------------------++-------
Melee: Short sword       ||   104
Invok: Renounce Religion ||     1
 Stab: Sleeping          ||     1
Armor: Animal skin       ||    14
Dodge: Dodged            ||   140

Table legend:
 A = Spawn XP
 B = Non-spawn XP
 C = Spawn XP percentage of total XP
 D = Spawn monster count
 E = Non-spawn monster count
 F = Spawn count percentage of total count
 G = Total turns spent on level
                    A         B        C        D         E        F      G
               +---------+---------+-------+---------+---------+-------+---------
         Total |       0 |      42 |   0.0 |       0 |      24 |   0.0 |  1544
               +---------+---------+-------+---------+---------+-------+---------
           D:1 |       0 |      32 |   0.0 |       0 |      18 |   0.0 |  1047
           D:2 |       0 |       8 |   0.0 |       0 |       5 |   0.0 |   486
           D:3 |       0 |       2 |   0.0 |       0 |       1 |   0.0 |    11
               +---------+---------+-------+---------+---------+-------+---------
